 Dungeon Crawl Stone Soup version 0.16.1-16-gc44b35d (webtiles) character file.

111 hulla the Changer (level 4, -8/28 HPs)
             Began as an Octopode Transmuter on Apr 16, 2015.
             Mangled by an ogre
             ... wielding a +0 giant club
              (25 damage)
             ... on level 3 of the Dungeon.
             The game lasted 00:08:06 (2673 turns).

hulla the Changer (Octopode Transmuter)             Turns: 2673, Time: 00:08:06

Health: -8/28      AC:  3    Str:  9    XL:     4   Next: 92%
Magic:  4/7        EV: 19    Int: 16    God:
Gold:   50         SH:  0    Dex: 17    Spells: 3 memorised, 1 level left

rFire  . . .     SeeInvis .       - Unarmed
rCold  . . .     Clarity  .     (shield currently unavailable)
rNeg   . . .     SustAb   .     (helmet currently unavailable)
rPois  x         Gourm    .     (no amulet)
rElec  .         Spirit   .     u - +1 ring of protection
rCorr  .         Warding  .     (no ring)
rMut   .         Stasis   .     (no ring)
MR     .....                    (no ring)
Stlth  ++........               (no ring)
                                (no ring)
                                (no ring)
                                (no ring)

@: spider-form, not resistant to hostile enchantments, unstealthy
A: almost no armour, amphibious, 8 rings, (constrict 8), (camouflage 0),
(gelatinous body 0)
a: End Transformation


You were on level 3 of the Dungeon.
You were hungry.
You were a venomous arachnid creature.
You visited 1 branch of the dungeon, and saw 3 of its levels.

You collected 50 gold pieces.

Inventory:

Missiles
 b - 32 arrows
 e - 126 stones (quivered)
 s - 16 sling bullets
Jewellery
 u - a +1 ring of protection (left front leg)
Scrolls
 h - 3 scrolls of fog
 l - a scroll of identify
Potions
 i - a potion of agility
 o - a potion of degeneration
 r - a potion of heal wounds
 t - a potion of brilliance
Books
 d - a book of Changes

   Spells                             Type                      Level
   a - Beastly Appendage              Transmutation                1
   b - Sticks to Snakes               Transmutation                2
   c - Spider Form                    Transmutation/Poison         3
   d - Ice Form                       Ice/Transmutation            4
   e - Blade Hands                    Transmutation                5
Comestibles
 a - 4 bread rations
 g - 2 meat rations
 m - a chunk of flesh


   Skills:
 - Level 1.0 Fighting
 - Level 2.0 Dodging
 - Level 3.0 Unarmed Combat
 - Level 2.0 Spellcasting
 + Level 4.0 Transmutations
 * Level 3.0 Poison Magic


You had one spell level left.
You knew the following spells:

 Your Spells              Type           Power        Failure   Level  Hunger
a - Beastly Appendage     Trmt           ##....       14%         1    #......
b - Spider Form           Trmt/Pois      ##........   32%         3    ###....
c - Sticks to Snakes      Trmt           ##........   21%         2    ###....


Dungeon Overview and Level Annotations

Branches:
Dungeon (3/15)

Altars:


Innate Abilities, Weirdness & Mutations

You cannot wear most types of armour.
You are amphibious.
You can wear up to eight rings at the same time.
((You can use your tentacles to constrict many enemies at once.))
((Your skin changes colour to match your surroundings (Stealth).))
((Your rubbery body absorbs attacks (AC +1).))


Message History

Some of the chunks of flesh in your inventory have rotted away.
You start resting.
HP restored.
A hobgoblin comes into view.
The helpless hobgoblin fails to defend itself.
You tentacle-slap the hobgoblin. You grab the hobgoblin.
You squeeze the hobgoblin.
You kill the hobgoblin!
An ogre comes into view. It is wielding a giant club.
Casting: Spider Form
Confirm with . or Enter, or press ? or * to list all spells.
You turn into a venomous arachnid creature.
You are feeling hungry.
The ogre shouts!
You hear a shout!
The ogre hits you with a giant club!
You hit the ogre.
The ogre is poisoned.
The ogre is lightly wounded.
The ogre hits you with a giant club!!
Ouch! That really hurt!
You die...

.#### ...## #.#. ##
######## #... #.#
...<...# #.#O###.#
######.# #.##s#.#
#.# #.###.# #.###
#.##.##
##...####.###.#.###
#.................#
#.#.#.####.......#.#
.......#
#.####.....#
#.##.#.#.# #.#
...... ##....# #..
......


You could see an ogre.

Vanquished Creatures
  A hound (D:3)
  2 adders
  2 worms (D:2)
  An ooze (D:1)
  8 bats
  4 goblins
  11 hobgoblins
  3 giant cockroaches (D:1)
  4 giant geckos (D:1)
  8 kobolds
  2 rats (D:2)
46 creatures vanquished.

Notes
Turn   | Place    | Note
--------------------------------------------------------------
     0 | D:1      | hulla, the Octopode Transmuter, began the quest for the Orb.
     0 | D:1      | Reached XP level 1. HP: 13/13 MP: 3/3
   374 | D:1      | Reached XP level 2. HP: 12/18 MP: 4/4
  1049 | D:1      | Reached XP level 3. HP: 23/23 MP: 4/6
  1054 | D:1      | Learned a level 3 spell: Spider Form
  1057 | D:1      | Learned a level 2 spell: Sticks to Snakes
  1787 | D:2      | Reached skill level 1 in Poison Magic
  2124 | D:2      | Reached XP level 4. HP: 25/28 MP: 0/7
  2471 | D:3      | Reached skill level 4 in Transmutations
  2670 | D:3      | Noticed an ogre
  2673 | D:3      | Mangled by an ogre

Action                   |  1- 3 |  4- 6 || total
-------------------------+-------+-------++-------
Melee: Unarmed           |    86 |    26 ||   112
 Cast: Beastly Appendage |    16 |     3 ||    19
       Spider Form       |     3 |     2 ||     5
  Use: Scroll            |       |    12 ||    12
 Stab: Sleeping          |     1 |     2 ||     3
       Distracted        |       |     1 ||     1
  Eat: Chunk             |     4 |     2 ||     6
